 Dungeon Crawl Stone Soup version 0.21-a0-414-gba8bdf1 (webtiles) character file.

5 Cxzein the Skirmisher (level 1, -5/14 HPs)
             Began as a Gargoyle Berserker on Nov 2, 2017.
             Was a Follower of Trog.
             Slain by dingleberry's ghost (6 damage)
             ... on level 3 of the Dungeon.
             The game lasted 00:02:23 (271 turns).

Cxzein the Skirmisher (Gargoyle Berserker)           Turns: 271, Time: 00:02:23

Health: -5/14      AC:  4    Str: 20    XL:     1   Next: 80%
Magic:  1/1        EV: 12    Int:  7    God:    Trog [*.....]
Gold:   29         SH:  0    Dex:  9    Spells: 0/0 levels left

rFire    . . .     SeeInvis .   a - +0 mace
rCold    . . .     Gourm    .   (no shield)
rNeg     + . .     Faith    .   b - +0 animal skin
rPois    ∞         Spirit   .   (no helmet)
rElec    +         Reflect  .   (no cloak)
rCorr    .         Harm     .   (no gloves)
MR       .....                  (no boots)
Stlth    +.........             (no amulet)
HPRegen  0.04/turn              (no ring)
MPRegen  0.07/turn              (no ring)

@: no status effects
A: negative energy resistance 1, electricity resistance, unbreathing,
petrification resistance, rot immunity, AC +2
a: Berserk, Burn Spellbooks, Renounce Religion


You were on level 3 of the Dungeon.
You worshipped Trog.
Trog was aware of your devotion.
You were not hungry.

You visited 1 branch of the dungeon, and saw 3 of its levels.

You collected 29 gold pieces.

Inventory:

Hand Weapons
 a - a +0 mace (weapon)
 d - a +0 club
Armour
 b - a +0 animal skin (worn)
Potions
 e - a potion of resistance {unknown}
 f - a potion of haste {unknown}
Comestibles
 c - a bread ration


   Skills:
 + Level 3.5 Fighting
 + Level 3.1 Maces & Flails
 + Level 2.2 Armour
 + Level 1.6 Dodging


You couldn't memorise any spells.
You didn't know any spells.

Dungeon Overview and Level Annotations

Branches:
Dungeon (3/15)

Altars:

Annotations:
D:3 dingleberry's ghost, amateur BaMo


Innate Abilities, Weirdness & Mutations

You are resistant to torment.
Your stone body is resilient. (AC +2)
You are immune to poison.
You resist negative energy. (rN+)
You are resistant to electric shocks. (rElec)
You can survive without breathing.
You are immune to petrification.
You are immune to rotting.


Message History

The bat hits you but does no damage.
Dingleberry's ghost whispers, "You will understand me better in a moment."
The bat hits you but does no damage. The bat hits you.
* * * LOW HITPOINT WARNING * * *
The bat closely misses you. The bat completely misses you.
The bat closely misses you. The bat closely misses you.
You hit the bat.
You kill the bat!
Trog accepts your kill.
Dingleberry's ghost sneers, "Do you call that fighting?"
A rat and a dart slug come into view.
Dingleberry's ghost lets out a mournful wail.
Dingleberry's ghost wails.
Found a stone staircase leading down.
There is a stone staircase leading down here.
Dingleberry's ghost closely misses you.
There is a stone staircase leading down here.
Dingleberry's ghost hits you.
You die...

.<......# ........# ###
#####.#.########.# #
#............. #
###.########.# # #.# #.#
#### #.# #.# ...####.#
#.# ........# #@#
##.###..# ######W####.##
# .# #..# #.....r..r....
##.###..###.###.#####.##
.....†......# #.#
##.########## #.# # #.#
# #.# ..w


You could see dingleberry's ghost and a rat.

Vanquished Creatures
  A ball python (D:2)
  2 goblins (D:2)
  A bat (D:3)
  A rat (D:1)
5 creatures vanquished.

Notes
Turn   | Place    | Note
-------+----------+-------------------------------------------
     0 | D:1      | Cxzein the Gargoyle Berserker began the quest for the Orb.
     0 | D:1      | Reached XP level 1. HP: 14/14 MP: 1/1
   193 | D:3      | Noticed dingleberry's ghost (amateur BaMo)
   271 | D:3      | Slain by dingleberry's ghost

Vault maps used:
D:1:      shiori_shiawase
D:2:      old_standard_altar
D:3:      cheibrodos_fertilizer, uniq_sigmund

Action                   || total
-------------------------++-------
Melee: Mace              ||    11
Armor: Animal skin       ||    21
Dodge: Dodged            ||    44

Table legend:
 A = Spawn XP
 B = Non-spawn XP
 C = Spawn XP percentage of total XP
 D = Spawn monster count
 E = Non-spawn monster count
 F = Spawn count percentage of total count
 G = Total turns spent on level
                    A         B        C        D         E        F      G
               +---------+---------+-------+---------+---------+-------+---------
         Total |       0 |       8 |   0.0 |       0 |       5 |   0.0 |   271
               +---------+---------+-------+---------+---------+-------+---------
           D:1 |       0 |       1 |   0.0 |       0 |       1 |   0.0 |    61
           D:2 |       0 |       6 |   0.0 |       0 |       3 |   0.0 |    84
           D:3 |       0 |       1 |   0.0 |       0 |       1 |   0.0 |   126
               +---------+---------+-------+---------+---------+-------+---------
